 Dungeon Crawl Stone Soup version 0.18-a0-1687-gc97eaad (webtiles) character file.

28 useraccount the Shield-Bearer (level 3, 0/19 HPs)
             Began as a Vine Stalker Fighter on Mar 12, 2016.
             Slain by Terence
             ... wielding a +0 hand axe
              (3 damage)
             ... on level 2 of the Dungeon.
             The game lasted 00:00:52 (560 turns).

useraccount the Shield-Bearer (Vine Stalker Fighter) Turns: 560, Time: 00:00:53

Health: 0/19       AC:  7    Str: 19    XL:     3   Next: 12%
Magic:  0/4        EV:  7    Int:  8    God:
Gold:   115        SH:  9    Dex: 13    Spells: 0 memorised, 2 levels left

rFire  . . .     SeeInvis .     a - +0 rapier
rCold  . . .     Gourm    .     b - +0 scale mail
rNeg   . . .     Faith    .     c - +0 shield
rPois  .         Spirit   +     l - +0 helmet
rElec  .         Dismiss  .     (no cloak)
rCorr  .         Reflect  .     (no gloves)
SustAt .         Harm     .     (no boots)
MR     .....                    i - amulet of rage
Stlth  ..........               (no ring)
                                (no ring)

@: not resistant to hostile enchantments, extremely unstealthy
A: fangs 2, regeneration 1, magic shield, antimagic bite, no device heal 3, rot
immunity
a: Evoke Berserk Rage


You were on level 2 of the Dungeon.
You were not hungry.

You visited 1 branch of the dungeon, and saw 2 of its levels.

You collected 115 gold pieces.

Inventory:

Hand Weapons
 a - a +0 rapier (weapon)
Armour
 b - a +0 scale mail (worn)
 c - a +0 shield (worn)
 l - a +0 helmet (worn)
Jewellery
 i - an amulet of rage (around neck)
Scrolls
 e - a scroll of remove curse {unknown}
Potions
 d - a potion of might
 h - a potion of ambrosia {unknown}
 k - a potion of resistance {unknown}
Comestibles
 f - a bread ration
 g - 3 chunks of flesh
 j - a beef jerky


   Skills:
 + Level 2.8 Fighting
 * Level 2.3 Short Blades
 + Level 2.5 Armour
 + Level 0.8 Dodging
 + Level 2.9 Shields


You had 2 spell levels left.
You didn't know any spells.

Dungeon Overview and Level Annotations

Branches:
Dungeon (2/15)

Altars:

Annotations:
D:2 Terence


Innate Abilities, Weirdness & Mutations

You have extremely sharp teeth.
Your natural rate of healing is unusually fast.
When hurt, damage is shared between your health and your magic reserves.
Your bite disrupts and absorbs the magic of your enemies.
Potions and wands cannot restore your health.
You are immune to rotting.


Message History

Terence is severely wounded.
Terence hits you but does no damage. You block the rat's attack.
You hit Terence but do no damage.
Terence is severely wounded.
Terence hits you with a hand axe.
* * * LOW HITPOINT WARNING * * *
The rat barely misses you. You block Terence's attack.
You are too injured to fight recklessly!
You are too injured to fight recklessly!
You are too injured to fight recklessly!
You are too injured to fight recklessly!
You are too injured to fight recklessly!
You are too injured to fight recklessly!
You are too injured to fight recklessly!
You hit Terence but do no damage. You bite Terence, but do no damage.
Terence is severely wounded.
The rat bites you.
* * * LOW HITPOINT WARNING * * *
Terence hits you with a hand axe.
You die...

.. ... . ... # #.
.... ..##.## ....
....$ ###..# ...
.... #.####@##.##
#......@...#####.
#....##.r<.......
#.# #....######
.....#.#
...(.###.# ...#.
.# ##.## .. # ##


You could see Terence and a rat.

Vanquished Creatures
  2 giant geckos (D:1)
  2 giant cockroaches (D:1)
  4 hobgoblins (D:1)
  3 jackals (D:1)
  A bat (D:1)
  6 goblins (D:1)
  2 kobolds (D:1)
  2 rats (D:1)
22 creatures vanquished.

Vanquished Creatures (others)
  A bat (D:2)
1 creature vanquished.

Grand Total: 23 creatures vanquished

Notes
Turn   | Place    | Note
--------------------------------------------------------------
     0 | D:1      | useraccount the Vine Stalker Fighter began the quest for the Orb.
     0 | D:1      | Reached XP level 1. HP: 11/11 MP: 2/2
   138 | D:1      | Reached XP level 2. HP: 14/16 MP: 1/3
   350 | D:1      | Reached XP level 3. HP: 19/19 MP: 4/4
   533 | D:2      | Noticed Terence
   560 | D:2      | Slain by Terence

Vault maps used:
D:1:      dpeg_arrival_concentric_ovals
D:2:      grunt_temple_overflow_order_and_chaos_1, okawaru_ov_weapons_minmay,
          uniq_terence

Skill      XL: |  1 |
---------------+----+-----
Short Blades   | 2 |  2.3
Fighting       | |  2.8
Armour         | |  2.5
Dodging        | |  0.8
Shields        | |  2.9

Action                   || total
-------------------------++-------
Melee: Rapier            ||    86
